 Dungeon Crawl Stone Soup version 0.19.1 (webtiles) character file.

490 Gargoyl the Skirmisher (level 7, -1/60 HPs)
             Began as a Ghoul Abyssal Knight on Dec 10, 2016.
             Was a Believer of Lugonu.
             Slain by a hippogriff (3 damage)
             ... on level 5 of the Dungeon.
             The game lasted 00:07:07 (3227 turns).

Gargoyl the Skirmisher (Ghoul Abyssal Knight)       Turns: 3227, Time: 00:07:07

Health: -1/60      AC: 15    Str: 14 (16) XL:     7   Next: 14%
Magic:  8/8        EV:  6    Int:  3 (7)  God:    Lugonu [**....]
Gold:   287        SH:  0    Dex:  7 (10) Spells: 0 memorised, 6 levels left

rFire  . . .     SeeInvis .     a - +1 hand axe
rCold  + . .     Gourm    .     e - +0 chain mail
rNeg   + + +     Faith    .     (no shield)
rPois  ∞         Spirit   .     j - +0 helmet
rElec  .         Reflect  .     d - +2 cloak
rCorr  .         Harm     +     (no gloves)
MR     .....                    r - +0 pair of boots
Stlth  ..........               b - amulet of harm
                                (no ring)
                                (no ring)

@: rotting
A: rotting body, claws 1, carnivore 3, cold resistance 1, negative energy
resistance 3, slow regeneration 1, torment resistance, unbreathing
a: Depart the Abyss, Bend Space, Renounce Religion


You were on level 5 of the Dungeon.
You worshipped Lugonu.
Lugonu was pleased with you.
You were not hungry.

You visited 1 branch of the dungeon, and saw 5 of its levels.
You visited the Abyss 1 time.

You collected 287 gold pieces.

Inventory:

Hand Weapons
 a - a +1 hand axe (weapon)
Armour
 d - a +2 cloak (worn)
 e - a +0 chain mail (worn)
 j - a +0 helmet (worn)
 r - a +0 pair of boots (worn)
Jewellery
 b - an amulet of harm (around neck)
Scrolls
 f - a scroll of remove curse
 i - a scroll of amnesia
 k - a scroll of enchant armour {unknown}
 l - 4 scrolls of identify
 t - a scroll of fear
Potions
 n - a potion of beneficial mutation
 q - a potion of degeneration
Books
 o - a book of Necromancy

   Spells                             Type                      Level
   a - Pain                           Necromancy                   1
   b - Animate Skeleton               Necromancy                   1
   c - Vampiric Draining              Necromancy                   3
   d - Regeneration                   Charms/Necromancy            3
   e - Animate Dead                   Necromancy                   4
   f - Control Undead                 Necromancy                   4
 u - a book of Flames

   Spells                             Type                      Level
   a - Flame Tongue                   Conjuration/Fire             1
   b - Throw Flame                    Conjuration/Fire             2
   c - Conjure Flame                  Conjuration/Fire             3
   d - Inner Flame                    Hexes/Fire                   3
   e - Sticky Flame                   Conjuration/Fire             4
   f - Fireball                       Conjuration/Fire             5
Comestibles
 c - 3 meat rations
 h - 2 beef jerkies
 m - 3 slices of pizza


   Skills:
 + Level 4.7 Fighting
 + Level 4.0 Axes
 * Level 4.1 Armour
 + Level 1.4 Dodging
 * Level 3.3 Invocations


You had 6 spell levels left.
You didn't know any spells.

Dungeon Overview and Level Annotations

Branches:
Dungeon (5/15)
 Temple: D:4-7

Altars:
Cheibriados
Uskayaw
Vehumet
Zin

Annotations:
D:3 TheSquall's ghost, novice MiFi


Innate Abilities, Weirdness & Mutations

Your body is rotting away.
You thrive on raw meat.
You are immune to poison.
You have sharp fingernails.
You are carnivorous and can eat meat at any time.
Your flesh is cold resistant. (rC+)
You are immune to negative energy. (rN+++)
You regenerate slowly when monsters are visible.
You are immune to unholy pain and torment.
You can survive without breathing.


Message History

The hippogriff bites you but does no damage.
The hippogriff barely misses you. The hippogriff claws you.
* * * LOW HITPOINT WARNING * * *
You hit the hippogriff.
The hippogriff is almost dead.
The hippogriff bites you.
* * * LOW HITPOINT WARNING * * *
The hippogriff pecks you but does no damage.
The hippogriff claws you but does no damage.
You barely miss the hippogriff.
The hippogriff is almost dead.
The hippogriff bites you.
* * * LOW HITPOINT WARNING * * *
The hippogriff pecks you but does no damage.
The hippogriff claws you but does no damage.
You hit the hippogriff.
The hippogriff is almost dead.
The hippogriff bites you but does no damage.
The hippogriff pecks you.
You die...

......... .........
###############.
###.........#####.
..................
#.........#####.
#.............>.
###.........######
#@......#####
#H#####.# ...# #.#
.....# #.######
#......# #.#....#
#......# #.#....#
######.# #.#....#
#.# ######.#
#.#....# #.#
#...<#.#####.#....#
#.#


You could see a hippogriff.

Vanquished Creatures
  Menkaure (D:4)
  An ice beast (D:5)
  A scorpion (D:4)
  An orc wizard (D:5)
  A worker ant (D:5)
  A hound skeleton (D:4)
  7 gnolls
  4 adders
  2 worms (D:2)
  2 dart slugs (D:1)
  2 leopard geckos
  4 orcs
  5 bats
  2 giant cockroaches
  8 goblins
  5 hobgoblins
  A jackal (D:1)
  9 kobolds
  A quokka (D:2)
  2 frilled lizards
  A jackal zombie (D:5)
  10 rats
71 creatures vanquished.

Notes
Turn   | Place    | Note
-------+----------+-------------------------------------------
     0 | Abyss:1  | Gargoyl the Ghoul Abyssal Knight began the quest for the Orb.
     0 | Abyss:1  | Reached XP level 1. HP: 19/19 MP: 1/1
    55 | Abyss:1  | Noticed a wretched star
    55 | D:1      | Escaped the Abyss
    78 | D:1      | Reached skill level 1 in Dodging
   104 | D:1      | Reached XP level 2. HP: 22/26 MP: 2/2
   696 | D:1      | Reached * piety under Lugonu
   711 | D:1      | Reached XP level 3. HP: 32/33 MP: 3/3
  1323 | D:2      | Reached XP level 4. HP: 23/40 MP: 4/4
  1358 | D:2      | Found a snail-covered altar of Cheibriados.
  1473 | D:2      | Reached XP level 5. HP: 40/47 MP: 5/5
  1661 | D:3      | Noticed TheSquall's ghost (novice MiFi)
  1998 | D:4      | Found a radiant altar of Vehumet.
  2015 | D:4      | Found a hide-covered altar of Uskayaw.
  2175 | D:4      | Noticed Menkaure
  2190 | D:4      | Killed Menkaure
  2190 | D:4      | Reached XP level 6. HP: 14/53 MP: 5/7
  2558 | D:4      | Found a glowing silver altar of Zin.
  2594 | D:4      | Reached ** piety under Lugonu
  2942 | D:5      | Entered Level 5 of the Dungeon
  3025 | D:5      | Noticed an ice beast
  3050 | D:5      | Killed an ice beast
  3050 | D:5      | Reached XP level 7. HP: 40/60 MP: 8/8
  3197 | D:5      | Noticed a hippogriff
  3226 | D:5      | HP: 1/60 [hippogriff (7)]
  3227 | D:5      | Slain by a hippogriff

Skill      XL: |  1  2  3  4  5  6 |
---------------+-------------------+-----
Dodging        | 1 |  1.4
Armour         | 2 3 4 |  4.1
Fighting       | 4 |  4.7
Axes           | 2 3 4 |  4.0
Invocations    | 3 |  3.3

Action                   |  1- 3 |  4- 6 |  7- 9 || total
-------------------------+-------+-------+-------++-------
Melee: Hand axe          |   112 |   233 |    41 ||   386
Invok: Depart the Abyss  |     1 |       |       ||     1
  Use: Scroll            |     4 |     3 |       ||     7
       Potion            |       |     3 |     5 ||     8
 Stab: Invisible         |       |     1 |       ||     1
  Eat: Chunk             |     7 |    20 |       ||    27
Armor: Leather armour    |    11 |       |       ||    11
       Chain mail        |    97 |   168 |    49 ||   314
Dodge: Dodged            |    52 |    76 |    27 ||   155
